 Dungeon Crawl Stone Soup version 0.29-a0-330-g52719c12eb (webtiles) character file.

Game seed: 16640916527640760732

263 gruber the Magician (level 6, -3/40 HPs)
             Began as a Djinni Hedge Wizard on Apr 29, 2022.
             Slain by Grinder (5 damage)
             ... on level 3 of the Dungeon.
             The game lasted 00:02:38 (2465 turns).

gruber the Magician (Djinni Hedge Wizard)           Turns: 2465, Time: 00:02:39

Health: -3/40      AC:  5    Str:  9    XL:     6   Next: 42%
Gold:   180        EV: 12    Int: 18    God:
                   SH:  0    Dex: 12

rFire   + + .      SeeInvis .   q - +1 dagger (venom)
rCold   x . .      Faith    .   (no shield)
rNeg    . . .      Spirit   .   b - +0 robe
rPois   ∞          Reflect  .   l - +0 helmet
rElec   .          Harm     .   d - +1 cloak
rCorr   .          Rampage  .   (no gloves)
Will    .....                   (boots unavailable)
Stlth   ++........              (no amulet)
HPRegen 0.13/turn               (no ring)
MPRegen 0.00/turn               (no ring)

@: flying
A: sickness immunity, fire resistance 2, cold vulnerability 1, float, innate
caster, HP casting, extra vitality 1
a: no special abilities


You were on level 3 of the Dungeon.
You visited 1 branch of the dungeon, and saw 3 of its levels.

You collected 180 gold pieces.

Inventory:

Hand Weapons
 i - a +2 short sword of flaming
 q - a +1 dagger of venom (weapon)
Armour
 b - a +0 robe (worn)
 c - a +0 hat
 d - a +1 cloak (worn)
 l - a +0 helmet (worn)
Scrolls
 e - a scroll of amnesia {unknown}
 f - a scroll of fear {unknown}
 g - a scroll of identify {unknown}
 h - 2 scrolls of silence {unknown}
 k - 2 scrolls of magic mapping {unknown}
 n - 4 scrolls of teleportation {unknown}
 o - a scroll of acquirement {unknown}
 r - a scroll of torment {unknown}
Potions
 a - a potion of curing {unknown}
 j - a potion of invisibility {unknown}
 m - a potion of resistance {unknown}
 p - 3 potions of heal wounds {unknown}


   Skills:
 - Level 2.1 Dodging
 - Level 1.5 Stealth
 + Level 5.2 Spellcasting


You couldn't memorise any spells.
You knew the following spells:

 Your Spells              Type           Power      Damage    Failure   Level
a - Magic Dart            Conj           92%        1d7       1%          1
b - Blink                 Tloc           46%        N/A       2%          2
c - Call Imp              Summ           23%        N/A       2%          2
d - Slow                  Hex            92%        N/A       1%          1
e - Conjure Flame         Conj/Fire      23%        6-21      4%          3
f - Mephitic Cloud        Conj/Pois/Air  23%        N/A       4%          3
g - Shock                 Conj/Air       92%        1d8       1%          1
h - Ensorcelled Hibernat  Hex/Ice        46%        N/A       2%          2
Your spell library was empty.

Dungeon Overview and Level Annotations

Branches:
Dungeon (3/15)

Altars:
Dithmenos

Annotations:
D:3 Grinder


Innate Abilities, Weirdness & Mutations

You are immune to sickness and miasma.
You are immune to poison.
Your flesh is very heat resistant. (rF++)
You are vulnerable to cold. (rC-)
You float through the air rather than walking.
You learn spells naturally, not from books.
Your magical power is your life essence.
You have superior vitality. (+4 MHP)


Message History

Grinder says, "FISH!"
Grinder barely misses you.
Unknown command.
Unknown command.
Unknown command.
Unknown command.
You are too injured to fight recklessly!
Unknown command.
You are too injured to fight recklessly!
Unknown command.
You are too injured to fight recklessly!
You barely miss Grinder.
Grinder is heavily wounded.
Your white imp hits Grinder.
Your white imp freezes Grinder.
Grinder completely resists.
You closely miss Grinder.
Grinder is heavily wounded.
Grinder hits you!
* * * LOW HITPOINT WARNING * * *
You writhe in agony.
* * * LOW HITPOINT WARNING * * *
Your white imp closely misses Grinder.
Unknown command.
You hit Grinder but do no damage.
Grinder is heavily wounded.
Grinder gestures at you. You resist with some effort.
Your white imp closely misses Grinder.
Unknown command.
Unknown command.
You hit Grinder.
Grinder is poisoned.
Grinder is severely wounded.
Your white imp hits Grinder.
Your white imp freezes Grinder.
Grinder completely resists.
Unknown command.
You barely miss Grinder.
Grinder is severely wounded.
Grinder hits you.
* * * LOW HITPOINT WARNING * * *
You writhe in agony.
You die...

#.#..#...
####.#.....#.#.#
#.##.# ###
#.###.#...#.#
#.##.. #.#
#.#.###.# #.# ##
#.# #.#. #.# #.#
#.# .# #.# #..
#.# .# #.#
#########.# .#
.......<#5###.#
#######.@5....#
###.###.# #.# .#
### ##


You could see Grinder (very poisoned, slow, ally target) and a friendly white
imp (summoned).

Vanquished Creatures
  Sigmund (D:2)
  Jessica (D:3)
  5 adders
  A dart slug (D:2)
  An orc (D:3)
  3 bats
  5 endoplasms
  A giant cockroach (D:1)
  A goblin (D:1)
  2 hobgoblins (D:2)
  5 kobolds
  A quokka (D:1)
  3 ball pythons (D:1)
  2 frilled lizards
  4 rats
36 creatures vanquished.

Notes
Turn   | Place    | Note
-------+----------+-------------------------------------------
     0 | D:1      | gruber the Djinni Hedge Wizard began the quest for the Orb.
     0 | D:1      | Reached XP level 1. HP: 15/15 MP: 0/0
   490 | D:1      | Reached XP level 2. HP: 18/21 MP: 0/0
   635 | D:1      | Found a faded altar of an unknown god.
   836 | D:1      | Reached skill level 3 in Spellcasting
  1207 | D:2      | Reached XP level 3. HP: 20/25 MP: 0/0
  1207 | D:2      | Learned a level 1 spell: Shock
  1428 | D:2      | Noticed Sigmund
  1444 | D:2      | Killed Sigmund
  1445 | D:2      | Reached skill level 4 in Spellcasting
  1445 | D:2      | Reached XP level 4. HP: 8/31 MP: 0/0
  1445 | D:2      | Reached XP level 5. HP: 9/35 MP: 0/0
  1445 | D:2      | Learned a level 2 spell: Ensorcelled Hibernation
  1445 | D:2      | Reached XP level 6. HP: 10/40 MP: 0/0
  2028 | D:3      | Reached skill level 5 in Spellcasting
  2156 | D:3      | Noticed Jessica
  2161 | D:3      | Killed Jessica
  2205 | D:3      | Found a shadowy altar of Dithmenos.
  2443 | D:3      | Noticed Grinder
  2453 | D:3      | Paralysed by Grinder for 5 turns
  2465 | D:3      | HP: 2/40 [Grinder (5)]
  2465 | D:3      | Slain by Grinder

Illustrated notes

Levels and vault maps discovered:
D:1:      lemuel_arrival_room, layout_basic, ebering_ecumenical_altar_hall
D:2:      layout_basic, uniq_sigmund
D:3:      layout_basic, grunt_dithmenos_smoke, minmay_crystal_water,
          uniq_jessica, uniq_grinder

Skill      XL: |  1  2  3  4  5  6 |
---------------+-------------------+-----
Spellcasting   | 3 4 5 |  5.2
Dodging        | |  2.1
Stealth        | |  1.5

Action                   |  1- 3 |  4- 6 || total
-------------------------+-------+-------++-------
Melee: Dagger            |     1 |    15 ||    16
       Short sword       |    24 |    19 ||    43
 Cast: Magic Dart        |    37 |    18 ||    55
       Mephitic Cloud    |     1 |       ||     1
       Call Imp          |       |     3 ||     3
       Slow              |       |     2 ||     2
       Ensorcelled Hiber |       |     1 ||     1
 Stab: Sleeping          |     1 |     1 ||     2
Armor: Robe              |     3 |     8 ||    11
Dodge: Dodged            |    21 |    22 ||    43

Table legend: (Time is in decaauts)
 A = Elapsed time spent in this place.
 B = Non-inter-level travel time spent in this place.
 C = Inter-level travel time spent in this place.
 D = Time resting spent in this place.
 E = Time spent auto-exploring this place.
 F = Levels seen in this place.
 G = Mean time per level.
                   A        B        C        D        E       F      G
               +--------+--------+--------+--------+--------+-----+--------+
         Total |   2467 |   2394 |     73 |      0 |   2094 |   3 |  822.3 |
       Dungeon |   2467 |   2394 |     73 |      0 |   2094 |   3 |  822.3 |
               +--------+--------+--------+--------+--------+-----+--------+

Top non-repeatable levels by time:
     D:1: 1189 daAuts
     D:2: 786 daAuts
     D:3: 491 daAuts
